| TOP OF THE 1ST |
|
Houston Colt .45's batting - Pitching for Madison Brewers : LHP Paul Schumacher
|
|
Pitching: LHP Paul Schumacher
|
|
|
Batting: RHB Daniel Pena
|
0-0: Called Strike 0-1: Ball 1-1: Ball 2-1: Foul Ball, location: 2F 2-2: Strikes out swinging
|
|
Batting: LHB Bruce Arvizu
|
0-0: Fly out, F9 (Flyball, 9, EV 95.6 MPH)
|
|
Batting: RHB Jason Monico
|
0-0: Ball 1-0: Swinging Strike 1-1: Called Strike 1-2: Ball 2-2: Strikes out swinging
|
| Top of the 1st over - 0 runs, 0 hits, 0 errors, 0 left on base; Houston 0 - Madison 0 |
| BOTTOM OF THE 1ST |
|
Madison Brewers batting - Pitching for Houston Colt .45's : LHP Frank Vazquez
|
|
Pitching: LHP Frank Vazquez
|
|
|
Batting: RHB Mohammed bin Ubaida
|
0-0: TRIPLE (Line Drive, 8LXD, EV 113.1 MPH)
|
|
Batting: RHB Malcolm McCauley
|
0-0: Ball 1-0: Foul Ball, location: 2F 1-1: Ball 2-1: Ball 3-1: Called Strike 3-2: Ground out 6-3 (Groundball, 6, EV 76.9 MPH) Mohammed bin Ubaida scores
|
|
Batting: SHB Justin Hensley
|
0-0: Ball 1-0: Ball 2-0: Foul Ball, location: 2F 2-1: Ground out U3 (Groundball, 34S, EV 89.4 MPH)
|
|
Batting: RHB Tony Beaumond
|
0-0: Fly out, F9 (Flyball, 89S, EV 95.0 MPH)
|
| Bottom of the 1st over - 1 run, 1 hit, 0 errors, 0 left on base; Houston 0 - Madison 1 |
| TOP OF THE 2ND |
|
Houston Colt .45's batting - Pitching for Madison Brewers : LHP Paul Schumacher
|
|
Batting: RHB Jarno van Lente
|
0-0: Ground out 6-3 (Groundball, P, EV 84.4 MPH)
|
|
Batting: LHB Bob Govella
|
0-0: Called Strike 0-1: Swinging Strike 0-2: Ball 1-2: Strikes out swinging
|
|
Batting: SHB Terciero Ortiz
|
0-0: Ball 1-0: SOLO HOME RUN (Flyball, 7D, EV 96.2 MPH), Distance : 364 ft
|
|
Batting: RHB John Moore
|
0-0: Foul Ball, location: 2F 0-1: Called Strike 0-2: Strikes out swinging
|
| Top of the 2nd over - 1 run, 1 hit, 0 errors, 0 left on base; Houston 1 - Madison 1 |
| BOTTOM OF THE 2ND |
|
Madison Brewers batting - Pitching for Houston Colt .45's : LHP Frank Vazquez
|
|
Batting: LHB Dusty Bryant
|
0-0: Ball 1-0: Ball 2-0: Called Strike 2-1: Foul Ball, location: 2F 2-2: Ball 3-2: Fly out, F6 (Popup, 4M, EV 71.2 MPH)
|
|
Batting: LHB Tony Hasbun
|
0-0: Ground out 6-3 (Groundball, 6, EV 105.0 MPH)
|
|
Batting: RHB Austin Sweetman
|
0-0: Foul Ball, location: 2F 0-1: SINGLE (Line Drive, 6MD, EV 95.0 MPH)
|
|
Batting: LHB Jesus Huante
|
0-0: Ball 1-0: Called Strike 1-1: Ball 2-1: Ground out 4-3 (Groundball, 4, EV 106.2 MPH)
|
| Bottom of the 2nd over - 0 runs, 1 hit, 0 errors, 1 left on base; Houston 1 - Madison 1 |
| TOP OF THE 3RD |
|
Houston Colt .45's batting - Pitching for Madison Brewers : LHP Paul Schumacher
|
|
Batting: LHB Ryan Fridley
|
0-0: Foul Ball, location: 2F 0-1: Ball 1-1: Swinging Strike 1-2: Strikes out swinging
|
|
Batting: RHB Patrick Pinault
|
0-0: Ball 1-0: Foul Ball, location: 2F 1-1: Ball 2-1: Foul Ball, location: 2F 2-2: Foul Ball, location: 2F 2-2: Hit by Pitch
|
|
Batting: RHB Daniel Pena
|
0-0: Ball Wild Pitch! Patrick Pinault to second 1-0: Called Strike 1-1: Ball 2-1: SINGLE (Line Drive, 8RS, EV 111.9 MPH) Patrick Pinault to third Runner from 3rd tries for Home, throw by CF and OUT! 8-2
|
|
Batting: LHB Bruce Arvizu
|
0-0: Called Strike 0-1: Ball 1-1: Ball Wild Pitch! Daniel Pena to second 2-1: Swinging Strike 2-2: Foul Ball, location: 2F 2-2: Ball 3-2: Strikes out swinging
|
| Top of the 3rd over - 0 runs, 1 hit, 0 errors, 1 left on base; Houston 1 - Madison 1 |
| BOTTOM OF THE 3RD |
|
Madison Brewers batting - Pitching for Houston Colt .45's : LHP Frank Vazquez
|
|
Batting: RHB Xiao-shuang Au
|
0-0: Called Strike 0-1: Ball 1-1: Called Strike 1-2: Foul Ball, location: 2F 1-2: Strikes out swinging
|
|
Batting: RHB Mohammed bin Ubaida
|
0-0: Ball 1-0: Ground out 5-3 (Groundball, 5, EV 88.8 MPH)
|
|
Batting: RHB Malcolm McCauley
|
0-0: Ball 1-0: Called Strike 1-1: Swinging Strike 1-2: Foul Ball, location: 2F 1-2: Ball 2-2: Strikes out looking
|
| Bottom of the 3rd over - 0 runs, 0 hits, 0 errors, 0 left on base; Houston 1 - Madison 1 |
| TOP OF THE 4TH |
|
Houston Colt .45's batting - Pitching for Madison Brewers : LHP Paul Schumacher
|
|
Batting: RHB Jason Monico
|
0-0: Ball 1-0: Ball 2-0: Foul Ball, location: 2F 2-1: Foul Ball, location: 2F 2-2: Ball 3-2: Foul Ball, location: 2F 3-2: Base on Balls
|
|
Batting: RHB Jarno van Lente
|
0-0: Ball 1-0: Swinging Strike 1-1: Swinging Strike 1-2: Ball 2-2: Strikes out swinging
|
|
Batting: LHB Bob Govella
|
0-0: Foul Ball, location: 2F 0-1: Called Strike Jason Monico steals 2nd base (no throw) 0-2: Ground out 6-3 (Groundball, 6M, EV 83.8 MPH) Jason Monico to third
|
|
Batting: SHB Terciero Ortiz
|
0-0: 2-RUN HOME RUN (Flyball, 7D, EV 95.6 MPH), Distance : 363 ft
|
|
Batting: RHB John Moore
|
0-0: Ball 1-0: SOLO HOME RUN (Flyball, 9LD, EV 90.6 MPH), Distance : 336 ft
|
|
Batting: LHB Ryan Fridley
|
0-0: Foul Ball, location: 2F 0-1: Foul Ball, location: 2F 0-2: Strikes out swinging
|
| Top of the 4th over - 3 runs, 2 hits, 0 errors, 0 left on base; Houston 4 - Madison 1 |
| BOTTOM OF THE 4TH |
|
Madison Brewers batting - Pitching for Houston Colt .45's : LHP Frank Vazquez
|
|
Batting: SHB Justin Hensley
|
0-0: Called Strike 0-1: Ball 1-1: Hit by Pitch
|
|
Batting: RHB Tony Beaumond
|
0-0: Foul Ball, location: 2F 0-1: SINGLE (Flyball, 5D, EV 81.9 MPH) Justin Hensley to second
|
|
Batting: LHB Dusty Bryant
|
0-0: Ball Wild Pitch! Justin Hensley to third Tony Beaumond to second 1-0: Ball 2-0: Ball 3-0: Base on Balls
|
|
Batting: LHB Tony Hasbun
|
0-0: Ball Wild Pitch! Justin Hensley scores Tony Beaumond to third Dusty Bryant to second 1-0: Foul Ball, location: 2F 1-1: Ball 2-1: Swinging Strike 2-2: Strikes out looking
|
|
Batting: RHB Austin Sweetman
|
0-0: SINGLE (Line Drive, 8RS, EV 91.9 MPH) Tony Beaumond scores Dusty Bryant to third Runner from 3rd tries for Home, SAFE, throw by CF to home
|
|
Batting: LHB Jesus Huante
|
0-0: Swinging Strike 0-1: Ball 1-1: Ball 2-1: Foul Ball, location: 2F 2-2: Fielders Choice at 2nd, 6-4 (Groundball, 6, EV 86.9 MPH)
|
|
Batting: RHB Xiao-shuang Au
|
0-0: Ball 1-0: SINGLE (Groundball, 34, EV 80.0 MPH) (infield hit) Jesus Huante to second
|
|
Batting: RHB Mohammed bin Ubaida
|
0-0: Swinging Strike 0-1: Foul Ball, location: 2F 0-2: Ball 1-2: Reached via error on a dropped throw from SS, E4 (Groundball, 6, EV 86.9 MPH) Jesus Huante to third Xiao-shuang Au to second
|
|
Batting: RHB Malcolm McCauley
|
0-0: Ball Passed Ball! Jesus Huante scores Xiao-shuang Au to third Mohammed bin Ubaida to second 1-0: Ball 2-0: Ball Passed Ball! Xiao-shuang Au scores Mohammed bin Ubaida to third 3-0: Called Strike 3-1: Base on Balls
|
|
Batting: SHB Justin Hensley
|
0-0: Ball 1-0: Ball Wild Pitch! Mohammed bin Ubaida scores Malcolm McCauley to second 2-0: Called Strike 2-1: Foul Ball, location: 2F 2-2: Foul Ball, location: 2F 2-2: SINGLE (Groundball, 56, EV 95.6 MPH) (infield hit) Malcolm McCauley to third
|
|
Batting: RHB Tony Beaumond
|
0-0: Ball 1-0: Foul Ball, location: 2F 1-1: Ball 2-1: Reached on error, E4 (Groundball, 4, EV 81.9 MPH) Malcolm McCauley scores Justin Hensley to second
|
|
Batting: LHB Dusty Bryant
|
0-0: Swinging Strike 0-1: Ball 1-1: DOUBLE (Line Drive, 9LS, EV 102.5 MPH) Justin Hensley scores Tony Beaumond to third Runner from 3rd tries for Home, SAFE, no throw by RF
|
|
Pitching: RHP Tim Evans
|
|
|
Batting: LHB Tony Hasbun
|
0-0: Foul Ball, location: 2F 0-1: Foul Ball, location: 2F 0-2: Foul Ball, location: 2F 0-2: Ground out 6-3 (Groundball, 6, EV 104.4 MPH)
|
| Bottom of the 4th over - 9 runs, 5 hits, 2 errors, 1 left on base; Houston 4 - Madison 10 |
| TOP OF THE 5TH |
|
Houston Colt .45's batting - Pitching for Madison Brewers : LHP Paul Schumacher
|
|
Pitching: RHP Alex Chairez
|
|
|
Batting: RHB Patrick Pinault
|
0-0: Ball 1-0: Ball 2-0: Ground out 6-3 (Groundball, 6, EV 100.6 MPH)
|
|
Batting: RHB Daniel Pena
|
0-0: Ball 1-0: Ball 2-0: Foul Ball, location: 2F 2-1: Swinging Strike 2-2: Ground out 1-3 (Groundball, P, EV 66.9 MPH)
|
|
Batting: LHB Bruce Arvizu
|
0-0: Ball 1-0: Ball 2-0: Ground out 4-3 (Groundball, 4, EV 87.5 MPH)
|
| Top of the 5th over - 0 runs, 0 hits, 0 errors, 0 left on base; Houston 4 - Madison 10 |
| BOTTOM OF THE 5TH |
|
Madison Brewers batting - Pitching for Houston Colt .45's : RHP Tim Evans
|
|
Batting: RHB Austin Sweetman
|
0-0: Called Strike 0-1: Ball 1-1: Swinging Strike 1-2: Ball 2-2: Strikes out swinging
|
|
Batting: LHB Jesus Huante
|
0-0: Ball 1-0: Ground out 6-3 (Groundball, 6, EV 100.0 MPH)
|
|
Batting: RHB Xiao-shuang Au
|
0-0: Called Strike 0-1: Ball 1-1: SOLO HOME RUN (Flyball, 89XD, EV 100.0 MPH), Distance : 426 ft
|
|
Batting: RHB Mohammed bin Ubaida
|
0-0: Foul Ball, location: 2F 0-1: Foul Ball, location: 2F 0-2: Ball 1-2: Ball 2-2: Strikes out swinging
|
| Bottom of the 5th over - 1 run, 1 hit, 0 errors, 0 left on base; Houston 4 - Madison 11 |
| TOP OF THE 6TH |
|
Houston Colt .45's batting - Pitching for Madison Brewers : RHP Alex Chairez
|
|
Batting: RHB Jason Monico
|
0-0: Fly out, F6 (Line Drive, 6, EV 70.6 MPH)
|
|
Batting: RHB Jarno van Lente
|
0-0: Ball 1-0: Swinging Strike 1-1: Ball 2-1: Called Strike 2-2: Foul Ball, location: 2F 2-2: Ball 3-2: Fly out, F6 (Line Drive, 6M, EV 64.4 MPH)
|
|
Batting: LHB Bob Govella
|
0-0: Called Strike 0-1: Ball 1-1: Foul Ball, location: 2F 1-2: SINGLE (Flyball, 6D, EV 92.5 MPH)
|
|
Batting: SHB Terciero Ortiz
|
0-0: Fly out, F8 (Flyball, 78M, EV 71.9 MPH)
|
| Top of the 6th over - 0 runs, 1 hit, 0 errors, 1 left on base; Houston 4 - Madison 11 |
| BOTTOM OF THE 6TH |
|
Madison Brewers batting - Pitching for Houston Colt .45's : RHP Tim Evans
|
|
Batting: RHB Malcolm McCauley
|
0-0: Ball 1-0: Ball 2-0: Ball 3-0: Base on Balls
|
|
Pitching: RHP Vinny Salazar
|
|
|
Batting: SHB Justin Hensley
|
0-0: Ball Malcolm McCauley steals 2nd base 1-0: Ball Wild Pitch! Malcolm McCauley to third 2-0: Swinging Strike 2-1: Swinging Strike 2-2: Strikes out looking
|
|
Batting: RHB Tony Beaumond
|
0-0: Called Strike 0-1: Ground out 6-3 (Groundball, 6, EV 99.4 MPH) Malcolm McCauley scores
|
|
Batting: LHB Dusty Bryant
|
0-0: Ball 1-0: Ball 2-0: Foul Ball, location: 2F 2-1: Foul Ball, location: 2F 2-2: Strikes out looking
|
| Bottom of the 6th over - 1 run, 0 hits, 0 errors, 0 left on base; Houston 4 - Madison 12 |
| TOP OF THE 7TH |
|
Houston Colt .45's batting - Pitching for Madison Brewers : RHP Alex Chairez
|
|
Batting: RHB John Moore
|
0-0: Called Strike 0-1: Ball 1-1: Ball 2-1: Swinging Strike 2-2: Ball 3-2: Strikes out swinging
|
|
Batting: LHB Ryan Fridley
|
0-0: Called Strike 0-1: Fly out, F6 (Popup, 6MS, EV 82.5 MPH)
|
|
Batting: RHB Patrick Pinault
|
0-0: Fly out, F3 (Popup, 34, EV 64.4 MPH)
|
| Top of the 7th over - 0 runs, 0 hits, 0 errors, 0 left on base; Houston 4 - Madison 12 |
| BOTTOM OF THE 7TH |
|
Madison Brewers batting - Pitching for Houston Colt .45's : RHP Vinny Salazar
|
|
Pinch Hitting: RHB Austin Doig
|
0-0: Called Strike 0-1: Called Strike 0-2: Ball 1-2: Foul Ball, location: 2F 1-2: Foul Ball, location: 2F 1-2: Ball 2-2: Strikes out swinging
|
|
Pitching: RHP Muckle Wildriver
|
|
|
Batting: RHB Austin Sweetman
|
0-0: Ball 1-0: Called Strike 1-1: SINGLE (Line Drive, 89S, EV 113.8 MPH)
|
|
Batting: LHB Jesus Huante
|
0-0: Ball 1-0: SINGLE (Line Drive, 7S, EV 100.0 MPH) Austin Sweetman to second
|
|
Batting: RHB Xiao-shuang Au
|
0-0: Called Strike 0-1: Ball 1-1: Called Strike 1-2: Foul Ball, location: 2F 1-2: Foul Ball, location: 2F 1-2: Strikes out swinging
|
|
Pinch Hitting: RHB Yang-cheng Kui
|
0-0: Foul Ball, location: 2F 0-1: Called Strike 0-2: Foul Ball, location: 2F 0-2: SINGLE (Groundball, 6MD, EV 105.0 MPH) Austin Sweetman to third Jesus Huante to second
|
|
Pinch Hitting: RHB Lorenzo Diaz
|
0-0: Ground out 5-3 (Groundball, 56S, EV 73.8 MPH)
|
| Bottom of the 7th over - 0 runs, 3 hits, 0 errors, 3 left on base; Houston 4 - Madison 12 |
| TOP OF THE 8TH |
|
Houston Colt .45's batting - Pitching for Madison Brewers : RHP Alex Chairez
|
|
Now at 2B: Austin Doig
|
|
|
Now at SS: Lorenzo Diaz
|
|
|
Now in CF: Todd Massad
|
|
|
Batting: RHB Daniel Pena
|
0-0: Swinging Strike 0-1: Swinging Strike 0-2: Fly out, F9 (Flyball, 9, EV 89.4 MPH)
|
|
Batting: LHB Bruce Arvizu
|
0-0: Ball 1-0: Ball 2-0: Ball 3-0: Called Strike 3-1: Base on Balls
|
|
Batting: RHB Jason Monico
|
0-0: Ball 1-0: Called Strike 1-1: Ball 2-1: SINGLE (Groundball, 56D, EV 95.6 MPH) Bruce Arvizu to second
|
|
Batting: RHB Jarno van Lente
|
0-0: Ball 1-0: Fly out, F8 (Flyball, 8LM, EV 93.8 MPH)
|
|
Batting: LHB Bob Govella
|
0-0: Ball 1-0: 3-RUN HOME RUN (Flyball, 9LD, EV 95.0 MPH), Distance : 356 ft
|
|
Batting: SHB Terciero Ortiz
|
0-0: Called Strike 0-1: Fly out, F9 (Flyball, 9LSF, EV 95.0 MPH)
|
| Top of the 8th over - 3 runs, 2 hits, 0 errors, 0 left on base; Houston 7 - Madison 12 |
| BOTTOM OF THE 8TH |
|
Madison Brewers batting - Pitching for Houston Colt .45's : RHP Muckle Wildriver
|
|
Batting: SHB Justin Hensley
|
0-0: Ball 1-0: Called Strike 1-1: Ball 2-1: Ball 3-1: Foul Ball, location: 2F 3-2: Strikes out swinging
|
|
Pitching: RHP Andy Harrigan
|
|
|
Batting: RHB Tony Beaumond
|
0-0: Ball 1-0: Called Strike 1-1: Foul Ball, location: 2F 1-2: Ball 2-2: Strikes out swinging
|
|
Batting: LHB Dusty Bryant
|
0-0: Ball 1-0: Ball 2-0: Called Strike 2-1: Called Strike 2-2: Fly out, F4 (Line Drive, 4D, EV 84.4 MPH)
|
| Bottom of the 8th over - 0 runs, 0 hits, 0 errors, 0 left on base; Houston 7 - Madison 12 |
| TOP OF THE 9TH |
|
Houston Colt .45's batting - Pitching for Madison Brewers : RHP Alex Chairez
|
|
Batting: RHB John Moore
|
0-0: Ball 1-0: SINGLE (Line Drive, 8LS, EV 108.1 MPH)
|
|
Batting: LHB Ryan Fridley
|
0-0: Called Strike 0-1: Ball 1-1: Swinging Strike 1-2: Foul Ball, location: 2F 1-2: Ball 2-2: Foul Ball, location: 2F 2-2: Fly out, F6 (Flyball, 6MD, EV 90.6 MPH)
|
|
Batting: RHB Patrick Pinault
|
0-0: Swinging Strike 0-1: Ball 1-1: Foul Ball, location: 2F 1-2: Ball 2-2: Fly out, F8 (Flyball, 8LM, EV 83.1 MPH)
|
|
Pitching: RHP Wiliama Dana
|
|
|
Batting: RHB Daniel Pena
|
0-0: Called Strike 0-1: Ball 1-1: Ball 2-1: Swinging Strike 2-2: Strikes out looking
|
| Top of the 9th over - 0 runs, 1 hit, 0 errors, 1 left on base; Houston 7 - Madison 12 |
|